 Dungeon Crawl Stone Soup version 0.27.1-2-g3b301248ec (webtiles) character file.

Game seed: 12337192615245885224

5566 Rickety the Slinger (level 10, -8/51 HPs)
             Began as a Spriggan Hunter on Sept 22, 2021.
             Was a Believer of Okawaru.
             Splashed by an acid dragon's acid (13 damage)
             ... on level 10 of the Dungeon.
             The game lasted 00:43:08 (15422 turns).

Rickety the Slinger (Spriggan Hunter)              Turns: 15422, Time: 00:43:09

Health: -8/51      AC:  5    Str:  8    XL:     10   Next: 44%
Magic:  16/17      EV: 20    Int: 19    God:    Okawaru [**....]
Gold:   517        SH: 11    Dex: 19    Spells: 7/17 levels left

rFire    . . .     SeeInvis +   b - +0 dagger (venom)
rCold    + . .     Faith    .   j - +0 buckler
rNeg     . . .     Spirit   .   H - +2 robe {Will+}
rPois    .         Reflect  +   (helmet restricted)
rElec    .         Harm     .   J - +0 cloak
rCorr    .         Rampage  .   (gloves unavailable)
Will     ++...                  (boots unavailable)
Stlth    +++.......             F - amulet of reflection
HPRegen  0.17/turn              y - +6 ring of intelligence
MPRegen  0.15/turn              f - ring of protection from cold

@: very quick
A: very small, no large weapons, unfitting armour, see invisible, speed 3
a: Renounce Religion, Heroism


You were on level 10 of the Dungeon.
You worshipped Okawaru.
Okawaru was pleased with you.
You visited 1 branch of the dungeon, and saw 10 of its levels.

You collected 583 gold pieces.
You spent 66 gold pieces at shops.

Inventory:

Hand Weapons
 a - a +1 hunting sling
 b - a +0 dagger of venom (weapon)
 s - a +0 short sword
 t - a +1 dagger of speed
 L - a +0 dagger of venom
 P - a +2 dagger of protection
Missiles
 d - 37 sling bullets
 k - 112 stones (quivered)
 x - 44 poisoned darts
 E - 11 curare-tipped darts
Armour
 j - a +0 buckler (worn)
 H - a +2 robe of willpower (worn)
 J - a +0 cloak (worn)
Magical Staves
 K - a staff of poison
Jewellery
 f - a ring of protection from cold (right hand)
 q - a ring of resist corrosion
 y - a +6 ring of intelligence (left hand)
 A - an amulet of magic regeneration
 F - an amulet of reflection (around neck)
 M - an amulet of guardian spirit
Wands
 u - a wand of digging (7)
 G - a wand of flame (53)
Scrolls
 c - a scroll of brand weapon {unknown}
 h - a scroll of summoning {unknown}
 i - 3 scrolls of fog {unknown}
 l - 2 scrolls of enchant weapon {unknown}
 n - 3 scrolls of magic mapping {unknown}
 o - 2 scrolls of enchant armour {unknown}
 p - 3 scrolls of teleportation {unknown}
 r - 2 scrolls of noise {unknown}
 z - 3 scrolls of amnesia {unknown}
 I - 3 scrolls of identify
 Q - a scroll of acquirement {unknown}
 R - a scroll of blinking {unknown}
Potions
 e - a potion of berserk rage {unknown}
 g - 3 potions of curing
 m - a potion of haste {unknown}
 v - 3 potions of lignification {unknown}
 w - a potion of invisibility {unknown}
 B - 2 potions of attraction
 C - a potion of flight {unknown}
 D - 2 potions of ambrosia
 N - a potion of brilliance {unknown}
 O - 4 potions of degeneration {unknown}


   Skills:
 + Level 4.7 Fighting
 + Level 1.9 Short Blades
 + Level 11.8 Slings
 + Level 0.3(6.3) Throwing
 + Level 5.5 Dodging
 + Level 3.7 Stealth
 - Level 2.0 Shields
 - Level 4.0 Spellcasting
 - Level 2.0 Conjurations
 * Level 4.5 Hexes
 - Level 2.0 Summonings
 - Level 2.0 Translocations
 - Level 2.0 Transmutations
 * Level 3.3 Fire Magic
 - Level 2.0 Ice Magic
 - Level 2.0 Air Magic
 - Level 2.0 Earth Magic
 - Level 2.0 Poison Magic
 * Level 0.8 Invocations
 * Level 1.3 Evocations


You had 7 spell levels left.
You knew the following spells:

 Your Spells              Type           Power      Damage    Failure   Level
a - Corona                Hex            23%        N/A       3%          1
b - Ensorcelled Hibernat  Hex/Ice        32%        N/A       8%          2
f - Conjure Flame         Conj/Fire      13%        6-21      21%         3
o - Foxfire               Conj/Fire      52%        2x1d6     7%          1
t - Tukima's Dance        Hex            21%        N/A       9%          3

Your spell library contained the following spells:

 Spells                   Type           Power      Damage    Failure   Level
 Apportation              Tloc           22%        N/A       9%          1
 Inner Flame              Hex/Fire       18%        N/A       12%         3
 Wereblood                Tmut           11%        N/A       13%         2
 Ignite Poison            Fire/Tmut/Pois 13%        N/A       22%         3
 Sublimation of Blood     Necr           1%         N/A       30%         2
 Sticky Flame             Conj/Fire      13%        2d4       54%         4
 Alistair's Intoxication  Tmut/Pois      7%         N/A       94%         5
 Invisibility             Hex            10%        N/A       99%         6
 Summon Hydra             Summ           5%         N/A       100%        7


Dungeon Overview and Level Annotations

Branches:
Dungeon (10/15)            Temple (0/1) D:7
   Lair: D:8-11         Orc: D:9-12

Altars:
Ashenzari
Elyvilon
Fedhas
Nemelex Xobeh
Okawaru
Ru
Sif Muna
Vehumet
Wu Jian
The Shining One

Shops:
D:4 *   D:8 (

Annotations:
D:6 2 transporters, IBeShadow's ghost, novice VSFi


Innate Abilities, Weirdness & Mutations

You are very small and have problems with some larger weapons.
You are too small for most types of armour.
You have supernaturally acute eyesight. (SInv)
You cover ground extremely quickly. (Speed+++)


Message History

You destroy the wraith!
Okawaru accepts your kill.
No target in view!
No target in view!
No target in view!
k - 103 stones (gained 2)
k - 104 stones (gained 1)
k - 109 stones (gained 5)
k - 112 stones (gained 3)
Found 16 gold pieces.
You now have 517 gold pieces (gained 16).
Found a stone staircase leading down.
There is a stone staircase leading down here.
Found a stone staircase leading down.
An acid dragon comes into view.
Found a chain mail.
Your +0 dagger of venom begins to drip with poison!
b - a +0 dagger of venom (weapon)
Found a scroll labelled ANEZXI AXAU and a spear.
The helpless acid dragon fails to defend itself.
You puncture the acid dragon!
The acid dragon is heavily wounded.
The acid dragon spits acid at you. The splash of acid hits you!
You are splashed with acid!
You hear a shout! x2
Casting: Conjure Flame (dangerous; 21% risk of failure)
Confirm with . or Enter, or press ? or * to list all spells.
You conjure some foxfire!
The acid dragon spits acid at you. The splash of acid hits you!
You are splashed with acid!
* * * LOW HITPOINT WARNING * * *
Your foxfire dissipates!
The foxfire hits the acid dragon but does no damage.
The acid dragon is heavily wounded.
A gnoll comes into view. It is wielding a +0 whip.
The acid dragon spits acid at you. The splash of acid hits you.
* * * LOW HITPOINT WARNING * * *
You are splashed with acid!
You die...

#g. #.#
.).####.######## #..
.......[ยง...?..# #.#
#.# #.# #.# ..## #D#
#.# #.#
#...#.######.##### #.#
#..............#####.#
###..@.....##.#.......
######..............
###.#########.#
#...........#
#############


You could see an acid dragon (catching breath).

Vanquished Creatures
  2 two-headed ogres (D:8)
  A troll (D:10)
  A vampire (D:8)
  A wraith (D:10)
  A vampire mosquito (D:8)
  2 orc warriors
  3 sky beasts
  Duvessa (D:7)
  2 necrophages
  3 black bears
  A hornet zombie (D:8)
  3 ogres (D:5)
  An ice beast (D:4)
  4 centaurs
  A phantom (D:4)
  3 bullfrogs (D:7)
  A gnoll sergeant (D:6)
  A wyvern zombie (D:8)
  Dowan (D:7)
  3 scorpions
  4 howler monkeys
  3 hounds (D:5)
  Crazy Yiuf (D:6)
  5 centaur zombies
  A centaur skeleton (D:7)
  An orc priest (D:7)
  A jelly (D:4)
  3 iguanas
  13 orc wizards
  A mummy (D:6)
  Robin (D:3)
  A howler monkey zombie (D:6)
  10 adders
  9 gnolls
  A shadow imp (D:3)
  A white imp (D:6)
  An ufetubus (D:6)
  2 worms (D:2)
  3 dart slugs
  34 orcs
  7 endoplasms
  4 giant cockroaches
  20 goblins
  8 hobgoblins
  4 quokkas
  10 ball pythons
  11 bats
  5 frilled lizards
  A goblin zombie (D:6)
  A hobgoblin zombie (D:6)
  11 kobolds
  8 rats
222 creatures vanquished.

Vanquished Creatures (collateral kills)
  A centaur (D:7)
  An orc (D:9)
2 creatures vanquished.

Vanquished Creatures (others)
  2 dancing weapons
  30 foxfires
  A plant (D:8)
33 creatures vanquished.

Grand Total: 257 creatures vanquished

Notes
Turn   | Place    | Note
-------+----------+-------------------------------------------
     0 | D:1      | Rickety the Spriggan Hunter began the quest for the Orb.
     0 | D:1      | Reached XP level 1. HP: 10/10 MP: 2/2
   130 | D:1      | Reached skill level 5 in Slings
   240 | D:1      | Reached XP level 2. HP: 13/14 MP: 3/3
   720 | D:1      | Reached XP level 3. HP: 12/18 MP: 4/4
  1030 | D:2      | Reached skill level 6 in Slings
  1114 | D:2      | Found a faded altar of an unknown god.
  1420 | D:2      | Reached XP level 4. HP: 23/23 MP: 5/5
  1797 | D:3      | Reached skill level 1 in Spellcasting
  2382 | D:3      | Reached XP level 5. HP: 26/26 MP: 8/8
  2410 | D:3      | Noticed Robin
  2426 | D:3      | Killed Robin
  2427 | D:3      | Reached skill level 7 in Slings
  3017 | D:4      | Noticed a sky beast
  3268 | D:4      | Reached skill level 1 in Translocations
  3335 | D:4      | Reached XP level 6. HP: 32/32 MP: 10/10
  3656 | D:4      | Reached skill level 1 in Transmutations
  3973 | D:4      | Reached skill level 1 in Hexes
  4343 | D:4      | Reached skill level 1 in Earth Magic
  4343 | D:4      | Reached XP level 7. HP: 35/35 MP: 11/11
  4363 | D:4      | Found Fetrag's Serpentskin Sales.
  4768 | D:4      | Reached skill level 1 in Poison Magic
  5112 | D:4      | Bought 7 curare-tipped darts for 42 gold pieces
  5112 | D:4      | Bought 4 curare-tipped darts for 24 gold pieces
  5275 | D:5      | Entered Level 5 of the Dungeon
  5464 | D:5      | Reached skill level 1 in Air Magic
  5485 | D:5      | Reached skill level 1 in Summonings
  5548 | D:5      | Reached skill level 8 in Slings
  5713 | D:5      | Reached skill level 1 in Shields
  5713 | D:5      | Reached skill level 1 in Conjurations
  5713 | D:5      | Reached skill level 1 in Fire Magic
  6155 | D:4      | Reached skill level 1 in Ice Magic
  6218 | D:5      | Reached XP level 8. HP: 39/39 MP: 12/12
  6567 | D:5      | Learned a level 1 spell: Corona
  6570 | D:5      | Learned a level 2 spell: Ensorcelled Hibernation
  6574 | D:5      | Learned a level 3 spell: Tukima's Dance
  6578 | D:5      | Learned a level 3 spell: Conjure Flame
  6601 | D:5      | You fall into a shaft and drop 1 floor!
  7685 | D:6      | Reached skill level 9 in Slings
  7877 | D:6      | Found a transporter.
  7877 | D:6      | Noticed IBeShadow's ghost (novice VSFi)
  7879 | D:6      | Found a transporter.
  8767 | D:6      | Reached XP level 9. HP: 31/44 MP: 13/13
  8935 | D:6      | Found a runed translucent door.
  8936 | D:6      | Noticed Crazy Yiuf
  8998 | D:6      | Killed Crazy Yiuf
  9093 | D:7      | Noticed Duvessa
  9093 | D:7      | Noticed Dowan
  9437 | D:7      | Reached skill level 1 in Short Blades
  9483 | D:7      | Killed Duvessa
  9491 | D:7      | Killed Dowan
 10017 | D:7      | Reached skill level 10 in Slings
 10496 | D:7      | Found a broken altar of Ashenzari.
 10497 | D:7      | Found a sparkling altar of Nemelex Xobeh.
 10501 | D:7      | Found an ornate altar of the Wu Jian Council.
 10506 | D:7      | Found a white marble altar of Elyvilon.
 10506 | D:7      | Found a glowing golden altar of the Shining One.
 10506 | D:7      | Found a shimmering blue altar of Sif Muna.
 10506 | D:7      | Found an iron altar of Okawaru.
 10526 | D:7      | Found a radiant altar of Vehumet.
 10572 | D:7      | Became a worshipper of Warmaster Okawaru
 10857 | D:7      | Found a staircase to the Ecumenical Temple.
 11153 | D:7      | Learned a level 1 spell: Foxfire
 11998 | D:8      | Found a sacrificial altar of Ru.
 12047 | D:8      | Reached skill level 5 in Dodging
 12363 | D:8      | Found Betin's Hydra Hut.
 12367 | D:8      | Noticed a seven-headed hydra
 12436 | D:8      | Noticed a two-headed ogre
 12624 | D:8      | Found a blossoming altar of Fedhas.
 12713 | D:8      | Reached * piety under Okawaru
 12863 | D:8      | Noticed a two-headed ogre
 12969 | D:8      | Killed a two-headed ogre
 12970 | D:8      | Reached skill level 11 in Slings
 12970 | D:8      | Reached XP level 10. HP: 16/51 MP: 11/17
 13126 | D:8      | Killed a two-headed ogre
 13873 | D:9      | Reached ** piety under Okawaru
 14463 | D:9      | Noticed a deep elf pyromancer
 14483 | D:9      | HP: 1/51 [acid (14)]
 14488 | D:10     | Entered Level 10 of the Dungeon
 14779 | D:10     | Noticed a +0 falchion
 14909 | D:10     | Reached skill level 1 in Evocations
 15422 | D:10     | Splashed by an acid dragon's acid

Illustrated notes

Levels and vault maps discovered:
D:1:      minmay_arrival_plants_in_alcoves, layout_basic
D:2:      layout_basic, shapermc_ecumenical_altar_totnotflames
D:3:      minmay_chambers_of_threes, layout_basic, hangedman_decor_points,
          minmay_diced_spiral, uniq_robin
D:4:      layout_basic, guppyfry_shop_venom
D:5:      layout_rooms
D:6:      layout_loops_cross, nicolae_ossuary_entry_giza, gammafunk_ghost_smash,
          grunt_ministairs_11, kennysheep_decorative_pillar,
          kennysheep_generic_room_11, uniq_crazy_yiuf_cottage
D:7:      layout_basic, minitemple, minmay_temple_entry_junction,
          grunt_decor_fettered, uniq_duvessa
D:8:      layout_rooms, mainiacjoe_overflow_alcove_1,
          nicolae_ru_sacrificial_ziggurat, kennysheep_big_empty_room,
          doesnt_shop_hydraphobe
D:9:      layout_gridville, minmay_hollow_rounded_squares
D:10:     layout_loops_ring, lightli_temple_of_fire, nicolae_uskayaw_en_pointe,
          grunt_decor_clamped

Skill      XL: |  1  2  3  4  5  6  7  8  9 10 |
---------------+-------------------------------+-----
Slings         | 5 6 7 8 9 11 | 11.8
Fighting       | 2 3 4 |  4.7
Spellcasting   | 1 2 4 |  4.0
Stealth        | 2 3 |  3.7
Translocations | 1 2 |  2.0
Transmutations | 1 2 |  2.0
Hexes          | 1 2 3 4 |  4.5
Earth Magic    | 1 2 |  2.0
Poison Magic   | 1 2 |  2.0
Air Magic      | 1 2 |  2.0
Summonings     | 1 2 |  2.0
Shields        | 1 2 |  2.0
Conjurations   | 1 2 |  2.0
Fire Magic     | 1 2 3 |  3.3
Ice Magic      | 1 2 |  2.0
Dodging        | 3 5 |  5.5
Short Blades   | 1 |  1.9
Evocations     | 1 |  1.3
Throwing       | |  0.3
Invocations    | |  0.8

Action                   |  1- 3 |  4- 6 |  7- 9 | 10-12 || total
-------------------------+-------+-------+-------+-------++-------
Melee: Short sword       |     4 |       |       |       ||     4
       Dagger            |       |    12 |   199 |    93 ||   304
 Fire: Hunting sling     |   114 |   265 |   674 |   138 ||  1191
Throw: Dart              |       |       |     7 |       ||     7
 Cast: Conjure Flame     |       |       |    11 |    17 ||    28
       Foxfire           |       |       |     5 |    11 ||    16
       Tukima's Dance    |       |       |     2 |     8 ||    10
       Ensorcelled Hiber |       |       |     2 |       ||     2
       Corona            |       |       |     2 |       ||     2
  Use: Scroll            |       |       |     3 |       ||     3
       Potion            |       |       |     1 |       ||     1
 Stab: Sleeping          |       |       |     2 |     1 ||     3
Armor: Robe              |     8 |    11 |    38 |    11 ||    68
Dodge: Dodged            |    35 |    23 |   199 |    82 ||   339
Block: Buckler           |       |     2 |   193 |    69 ||   264
       Reflection        |       |       |     9 |       ||     9
